A
ROCKVILLE REDHAWKS @ CIENFUEGOS PALMETTOS
08/17/2059
 
TOP OF THE 1ST
Rockville Redhawks batting - Pitching for Cienfuegos Palmettos : RHP Nathan Brady
Pitching: RHP Nathan Brady
Batting: RHB Brian Heard 0-0: Called Strike
0-1: Ball
1-1: Foul Ball, location: 2F
1-2: Ball
2-2: Ball
3-2: Strikes out swinging
Batting: RHB Aric Alderson 0-0: Called Strike
0-1: Ball
1-1: Fly out, F7 (Line Drive, 7S, EV 95.0 MPH)
Batting: LHB Karim Brown 0-0: Ball
1-0: DOUBLE (Flyball, 8LXD, EV 107.5 MPH)
Batting: RHB Isaac Vogel 0-0: Ball
1-0: Fly out, F7 (Line Drive, 7, EV 94.4 MPH)
Top of the 1st over - 0 runs, 1 hit, 0 errors, 1 left on base; Rockville 0 - Cienfuegos 0
BOTTOM OF THE 1ST
Cienfuegos Palmettos batting - Pitching for Rockville Redhawks : RHP Brennan Boswell
Pitching: RHP Brennan Boswell
Batting: LHB Scottie Akins 0-0: Called Strike
0-1: SINGLE (Flyball, 8LS, EV 92.5 MPH)
Batting: SHB Caris Cerdeira 0-0: Foul Ball, location: 2F
0-1: Ball
1-1: Swinging Strike
1-2: Strikes out swinging
Batting: RHB Max Gibbons 0-0: Ball
1-0: Fielders Choice at 2nd, 6-4 (Groundball, 6, EV 77.5 MPH)
Batting: RHB Benjamin Small 0-0: Called Strike
0-1: Foul Ball, location: 2F
0-2: Foul Ball, location: 2F
0-2: Ball
1-2: Ball
2-2: Ball
3-2: Foul Ball, location: 2F
3-2: Foul Ball, location: 2F
3-2: Ground out 4-3 (Groundball, 6MD, EV 90.6 MPH)
Bottom of the 1st over - 0 runs, 1 hit, 0 errors, 1 left on base; Rockville 0 - Cienfuegos 0
TOP OF THE 2ND
Rockville Redhawks batting - Pitching for Cienfuegos Palmettos : RHP Nathan Brady
Batting: SHB Cole Riley 0-0: Ball
1-0: Called Strike
1-1: Ball
2-1: Foul Ball, location: 2F
2-2: Foul Ball, location: 2F
2-2: Strikes out looking
Batting: RHB Dillon Brady 0-0: Ball
1-0: Swinging Strike
1-1: Ball
2-1: Foul Ball, location: 2F
2-2: Ball
3-2: Fly out, F7 (Line Drive, 7, EV 92.5 MPH)
Batting: RHB Chayse Bauer 0-0: Swinging Strike
0-1: Ball
1-1: Called Strike
1-2: Strikes out looking
Top of the 2nd over - 0 runs, 0 hits, 0 errors, 0 left on base; Rockville 0 - Cienfuegos 0
BOTTOM OF THE 2ND
Cienfuegos Palmettos batting - Pitching for Rockville Redhawks : RHP Brennan Boswell
Batting: SHB Kaleb Home 0-0: Ball
1-0: Called Strike
1-1: Ball
2-1: Ball
3-1: Fly out, F7 (Flyball, 7LMF, EV 95.6 MPH)
Batting: LHB Collin Griggs 0-0: Ball
1-0: Called Strike
1-1: Swinging Strike
1-2: Hit by Pitch
Batting: LHB Lucas Murray 0-0: Ball
1-0: Foul Ball, location: 2F
1-1: Ball
2-1: Fly out, F5 (Line Drive, 6, EV 66.2 MPH)
Batting: RHB Cole Jordan 0-0: DOUBLE (Line Drive, 7LS, EV 106.2 MPH)
Collin Griggs to third
Runner from 3rd tries for Home, throw by LF and OUT! 7-6-2
Bottom of the 2nd over - 0 runs, 1 hit, 0 errors, 1 left on base; Rockville 0 - Cienfuegos 0
TOP OF THE 3RD
Rockville Redhawks batting - Pitching for Cienfuegos Palmettos : RHP Nathan Brady
Batting: RHB Lou Williams 0-0: SINGLE (Flyball, 5D, EV 99.4 MPH)
Batting: RHB Jim Cook 0-0: Foul Ball, location: 2F
0-1: Ball
1-1: Fly out, F6 (Flyball, 56D, EV 82.5 MPH)
Batting: RHB Brian Heard 0-0: Called Strike
0-1: Swinging Strike
0-2: Ball
1-2: Ball
2-2: Ball
3-2: Fly out, F9 (Line Drive, 9D, EV 91.2 MPH)
Batting: RHB Aric Alderson 0-0: Ball
1-0: Ball
2-0: Ball
3-0: Called Strike
3-1: Fly out, F8 (Line Drive, 8RD, EV 96.9 MPH)
Top of the 3rd over - 0 runs, 1 hit, 0 errors, 1 left on base; Rockville 0 - Cienfuegos 0
BOTTOM OF THE 3RD
Cienfuegos Palmettos batting - Pitching for Rockville Redhawks : RHP Brennan Boswell
Batting: SHB Garett Finch 0-0: Called Strike
0-1: Ball
1-1: Ball
2-1: Swinging Strike
2-2: Ball
3-2: Strikes out swinging
Batting: LHB Scottie Akins 0-0: Ball
1-0: Foul Ball, location: 2F
1-1: SINGLE (Groundball, 4M, EV 110.0 MPH) (infield hit)
Batting: SHB Caris Cerdeira 0-0: Called Strike
0-1: SINGLE (Groundball, 34, EV 96.2 MPH)
Scottie Akins to second
Runner from 2nd tries for 3rd, SAFE, throw by RF made to third
Batting: RHB Max Gibbons 0-0: Ball
1-0: Ball
2-0: Fly out, F9 (Flyball, 9LM, EV 99.4 MPH)
Runner from 3rd tags up, SCORES, no throw by RF
Batting: RHB Benjamin Small 0-0: Foul Ball, location: 2F
0-1: Ball
1-1: Called Strike
1-2: Foul Ball, location: 2F
1-2: Ball
2-2: Strikes out swinging
Bottom of the 3rd over - 1 run, 2 hits, 0 errors, 1 left on base; Rockville 0 - Cienfuegos 1
TOP OF THE 4TH
Rockville Redhawks batting - Pitching for Cienfuegos Palmettos : RHP Nathan Brady
Batting: LHB Karim Brown 0-0: Swinging Strike
0-1: Called Strike
0-2: Foul Ball, location: 2F
0-2: Fly out, F8 (Flyball, 8RD, EV 94.4 MPH)
Batting: RHB Isaac Vogel 0-0: Ball
1-0: Called Strike
1-1: Ball
2-1: Swinging Strike
2-2: Ball
3-2: Fly out, F8 (Flyball, 78XD, EV 101.2 MPH)
Batting: SHB Cole Riley 0-0: Called Strike
0-1: Foul Ball, location: 2F
0-2: Strikes out swinging
Top of the 4th over - 0 runs, 0 hits, 0 errors, 0 left on base; Rockville 0 - Cienfuegos 1
BOTTOM OF THE 4TH
Cienfuegos Palmettos batting - Pitching for Rockville Redhawks : RHP Brennan Boswell
Batting: SHB Kaleb Home 0-0: Ball
1-0: Called Strike
1-1: Ball
2-1: Foul Ball, location: 2F
2-2: Foul Ball, location: 2F
2-2: Ground out 5-3 (Groundball, 56, EV 103.8 MPH)
Batting: LHB Collin Griggs 0-0: Ball
1-0: Called Strike
1-1: Ball
2-1: Foul Ball, location: 2F
2-2: Foul Ball, location: 2F
2-2: Foul Ball, location: 2F
2-2: Fly out, F7 (Flyball, 78S, EV 92.5 MPH)
Batting: LHB Lucas Murray 0-0: Ball
1-0: Called Strike
1-1: Fly out, F5 (Popup, 56, EV 67.5 MPH)
Bottom of the 4th over - 0 runs, 0 hits, 0 errors, 0 left on base; Rockville 0 - Cienfuegos 1
TOP OF THE 5TH
Rockville Redhawks batting - Pitching for Cienfuegos Palmettos : RHP Nathan Brady
Batting: RHB Dillon Brady 0-0: Ball
1-0: Ball
2-0: Called Strike
2-1: Swinging Strike
2-2: Strikes out swinging
Batting: RHB Chayse Bauer 0-0: Ball
1-0: Foul Ball, location: 2F
1-1: Swinging Strike
1-2: SINGLE (Line Drive, 9S, EV 110.0 MPH)
Pitching: RHP Andy Marangi
Batting: RHB Lou Williams 0-0: Called Strike
0-1: Foul Ball, location: 2F
0-2: Foul Ball, location: 2F
0-2: Hit by Pitch
Chayse Bauer to second
Batting: RHB Jim Cook 0-0: Ball
1-0: Swinging Strike
1-1: Called Strike
1-2: Ball
2-2: Strikes out swinging
Batting: RHB Brian Heard 0-0: Called Strike
0-1: Ground out 4-3 (Groundball, 4, EV 98.8 MPH)
Top of the 5th over - 0 runs, 1 hit, 0 errors, 2 left on base; Rockville 0 - Cienfuegos 1
BOTTOM OF THE 5TH
Cienfuegos Palmettos batting - Pitching for Rockville Redhawks : RHP Brennan Boswell
Batting: RHB Cole Jordan 0-0: Ball
1-0: Hit by Pitch
Batting: SHB Garett Finch 0-0: Called Strike
0-1: Ball
1-1: Called Strike
1-2: Ball
2-2: Ball
3-2: Base on Balls
Cole Jordan to second
Batting: LHB Scottie Akins 0-0: Called Strike
0-1: Ball
1-1: Foul Ball, location: 2F
1-2: Ball
2-2: Ball
3-2: Base on Balls
Cole Jordan to third
Garett Finch to second
Batting: SHB Caris Cerdeira 0-0: Ball
1-0: Ball
2-0: Foul Ball, location: 2F
2-1: Called Strike
2-2: Foul Ball, location: 2F
2-2: Ball
3-2: Base on Balls
Cole Jordan scores
Garett Finch to third
Scottie Akins to second
Batting: RHB Max Gibbons 0-0: Called Strike
0-1: Swinging Strike
0-2: Foul Ball, location: 2F
0-2: Foul Ball, location: 2F
0-2: Ball
1-2: Foul Ball, location: 2F
1-2: Ball
Wild Pitch!
Garett Finch scores
Scottie Akins to third
Caris Cerdeira to second
2-2: Ground out 5-3 (Groundball, 5, EV 90.0 MPH)
Batting: RHB Benjamin Small 0-0: Ball
1-0: Ball
2-0: DOUBLE (Flyball, 89D, EV 108.1 MPH)
Scottie Akins scores
Caris Cerdeira scores
Pitching: RHP Brantley McGinnis
Batting: SHB Kaleb Home 0-0: Called Strike
0-1: Ball
1-1: Foul Ball, location: 2F
1-2: Foul Ball, location: 2F
1-2: Fly out, F7 (Flyball, 78M, EV 92.5 MPH)
Batting: LHB Collin Griggs 0-0: Ball
1-0: SINGLE (Line Drive, 78S, EV 108.1 MPH)
Benjamin Small to third
Runner from 3rd tries for Home, SAFE, throw by LF to home
Batting: LHB Lucas Murray 0-0: Called Strike
0-1: Ball
1-1: Swinging Strike
1-2: Ground out U3 (Groundball, 3, EV 83.1 MPH)
Bottom of the 5th over - 5 runs, 2 hits, 0 errors, 1 left on base; Rockville 0 - Cienfuegos 6
TOP OF THE 6TH
Rockville Redhawks batting - Pitching for Cienfuegos Palmettos : RHP Andy Marangi
Batting: RHB Aric Alderson 0-0: Ball
1-0: Ball
2-0: Ball
3-0: Called Strike
3-1: Foul Ball, location: 2F
3-2: Ground out U3 (Groundball, 3, EV 100.0 MPH)
Batting: LHB Karim Brown 0-0: Swinging Strike
0-1: Ball
1-1: Ground out U3 (Groundball, 3, EV 101.2 MPH)
Batting: RHB Isaac Vogel 0-0: Ball
1-0: Foul Ball, location: 2F
1-1: Ball
2-1: SINGLE (Groundball, 4MD, EV 105.6 MPH)
Batting: SHB Cole Riley 0-0: Foul Ball, location: 2F
0-1: Ball
1-1: Called Strike
1-2: Fly out, F8 (Flyball, 8RD, EV 80.0 MPH)
Top of the 6th over - 0 runs, 1 hit, 0 errors, 1 left on base; Rockville 0 - Cienfuegos 6
BOTTOM OF THE 6TH
Cienfuegos Palmettos batting - Pitching for Rockville Redhawks : RHP Brantley McGinnis
Batting: RHB Cole Jordan 0-0: Ball
1-0: Ground out 4-3 (Groundball, 4M, EV 89.4 MPH)
Batting: SHB Garett Finch 0-0: Ball
1-0: Swinging Strike
1-1: SINGLE (Groundball, 6MD, EV 95.0 MPH)
Batting: LHB Scottie Akins 0-0: Foul Ball, location: 2F
0-1: Ball
1-1: Ball
Wild Pitch!
Garett Finch to second
2-1: Swinging Strike
2-2: Foul Ball, location: 2F
2-2: Foul Ball, location: 2F
2-2: Ball
3-2: Strikes out swinging
Batting: SHB Caris Cerdeira 0-0: Called Strike
0-1: Ball
1-1: Ball
2-1: Fly out, F8 (Flyball, 89D, EV 93.8 MPH)
Bottom of the 6th over - 0 runs, 1 hit, 0 errors, 1 left on base; Rockville 0 - Cienfuegos 6
TOP OF THE 7TH
Rockville Redhawks batting - Pitching for Cienfuegos Palmettos : RHP Andy Marangi
Pitching: RHP Oliver Bendavid
Batting: RHB Dillon Brady 0-0: Ball
1-0: Ball
2-0: Foul Ball, location: 2F
2-1: Foul Ball, location: 2F
2-2: Fly out, F8 (Flyball, 8RXD, EV 98.8 MPH)
Batting: RHB Chayse Bauer 0-0: Ball
1-0: Ball
2-0: Ball
3-0: Called Strike
3-1: Swinging Strike
3-2: Strikes out looking
Batting: RHB Lou Williams 0-0: Called Strike
0-1: Swinging Strike
0-2: Strikes out swinging
Top of the 7th over - 0 runs, 0 hits, 0 errors, 0 left on base; Rockville 0 - Cienfuegos 6
BOTTOM OF THE 7TH
Cienfuegos Palmettos batting - Pitching for Rockville Redhawks : RHP Brantley McGinnis
Batting: RHB Max Gibbons 0-0: Called Strike
0-1: Swinging Strike
0-2: Strikes out swinging
Batting: RHB Benjamin Small 0-0: Ball
1-0: Called Strike
1-1: Ball
2-1: Ball
3-1: Foul Ball, location: 2F
3-2: Foul Ball, location: 2F
3-2: Fly out, F8 (Flyball, 8RD, EV 102.5 MPH)
Batting: SHB Kaleb Home 0-0: Called Strike
0-1: Ball
1-1: Ball
2-1: Called Strike
2-2: Strikes out swinging
Bottom of the 7th over - 0 runs, 0 hits, 0 errors, 0 left on base; Rockville 0 - Cienfuegos 6
TOP OF THE 8TH
Rockville Redhawks batting - Pitching for Cienfuegos Palmettos : RHP Oliver Bendavid
Batting: RHB Jim Cook 0-0: Foul Ball, location: 2F
0-1: Ball
1-1: Swinging Strike
1-2: Ball
2-2: Ball
3-2: Strikes out looking
Batting: RHB Brian Heard 0-0: Ball
1-0: Ball
2-0: Called Strike
2-1: Ball
3-1: Called Strike
3-2: Foul Ball, location: 2F
3-2: Strikes out swinging
Batting: RHB Aric Alderson 0-0: Called Strike
0-1: Ball
1-1: Foul Ball, location: 2F
1-2: Strikes out swinging
Top of the 8th over - 0 runs, 0 hits, 0 errors, 0 left on base; Rockville 0 - Cienfuegos 6
BOTTOM OF THE 8TH
Cienfuegos Palmettos batting - Pitching for Rockville Redhawks : RHP Brantley McGinnis
Batting: LHB Collin Griggs 0-0: Called Strike
0-1: Ground out 4-3 (Groundball, 4M, EV 96.2 MPH)
Batting: LHB Lucas Murray 0-0: Called Strike
0-1: Ball
1-1: Fly out, F8 (Flyball, 8RD, EV 95.6 MPH)
Batting: RHB Cole Jordan 0-0: Called Strike
0-1: Ball
1-1: Ball
2-1: Ball
3-1: Base on Balls
Batting: SHB Garett Finch 0-0: Called Strike
0-1: Ground out U3 (Groundball, 3L, EV 92.5 MPH)
Bottom of the 8th over - 0 runs, 0 hits, 0 errors, 1 left on base; Rockville 0 - Cienfuegos 6
TOP OF THE 9TH
Rockville Redhawks batting - Pitching for Cienfuegos Palmettos : RHP Oliver Bendavid
Batting: LHB Karim Brown 0-0: Called Strike
0-1: Ball
1-1: Ball
2-1: Called Strike
2-2: Foul Ball, location: 2F
2-2: Strikes out swinging
Batting: RHB Isaac Vogel 0-0: Ball
1-0: Called Strike
1-1: Swinging Strike
1-2: Strikes out swinging
Batting: SHB Cole Riley 0-0: Ball
1-0: Ball
2-0: Foul Ball, location: 2F
2-1: Ball
3-1: Foul Ball, location: 2F
3-2: Foul Ball, location: 2F
3-2: Strikes out swinging, 2-3 out at first.
Top of the 9th over - 0 runs, 0 hits, 0 errors, 0 left on base; Rockville 0 - Cienfuegos 6
Saturday, March 23rd , 2024 - OOTP Baseball 23.10 Build 110